 Dungeon Crawl Stone Soup version 0.31-a0-1002-g8e65716e6e (webtiles) character file.

Game seed: 15906276901572411673

1491081 zurenarrh the Sorcerer (level 27, 207/207 HPs)
             Began as a Formicid Earth Elementalist on Nov 7, 2023.
             Was the Champion of Cheibriados.
             Escaped with the Orb
             ... and 3 runes on Nov 9, 2023!
             The game lasted 08:16:40 (107269 turns).

zurenarrh the Sorcerer (FoEE)                     Turns: 107269, Time: 08:16:41

Health: 207/207    AC: 32    Str: 33    XL:     27
Magic:  71/71      EV: 34    Int: 50    God:    Cheibriados [******]
Gold:   5545       SH: 34    Dex: 37    Spells: 24/78 levels left

rFire   + . .        L - staff of Spring {Will+ Earth}
rCold   + . .        W - +6 tower shield of Jasmiud {Dex+5}
rNeg    + + +        P - +8 scale mail of Ihot Morph {rF+}
rPois   .            (helmet unavailable)
rElec   +            e - +4 dragonskin cloak
rCorr   +            R - +2 pair of gloves of Kihol {Harm rN++}
SInv    +            j - +2 pair of boots of Impermeability {Drain Will+ rCorr MP+9}
Will    ++++.        h - amulet of Fiqow {RegenMP Str+2 Int+3}
Stlth   +            O - ring "Samuotso" {rElec rC+ rN+}
HPRegen 0.54/turn    k - ring of Suspected Treachery {rN+ MP+9 Str+3 Dex+4 SInv}
MPRegen 0.82/turn

%: harm (+30% outgoing, +20% incoming), clarity
@: studying Ranged Weapons, very slow
A: permanent stasis, dig shafts and tunnels, antennae 3, four strong arms, claws
1, clarity, clever 1, deformed body, inability to read after injury 1
0: Orb of Zot
}: 3/15 runes: serpentine, barnacled, silver
a: Dig, Shaft Self, Renounce Religion, Bend Time, Temporal Distortion, Slouch,
Step From Time


You escaped.
You worshipped Cheibriados.
Cheibriados was exalted by your worship.
You visited 13 branches of the dungeon, and saw 53 of its levels.
You visited the Abyss 1 time.
You visited 1 bazaar.
You visited 1 ziggurat, and saw 11 of its levels.
You also visited: Ossuary.

You collected 8946 gold pieces.
You spent 3401 gold pieces at shops.

Inventory:

Hand Weapons
 V - the +8 trishula "Condemnation" {holy, anguish, *Noise Fly rN+}
   (You found it on level 3 of the Crypt)

   rN+:       It protects you from negative energy.
   Fly:       It grants you flight.
   *Noise:    It may make a loud noise when swung.
Armour
 e - the +4 dragonskin cloak (worn)
   (You took it off Tiamat on level 2 of the Realm of Zot)

   Avatar's Aegis: It grants the wearer a chance to resist fire, cold, poison,
   electricity, acid, and negative energy.
 j - the +2 pair of boots of Impermeability (worn) {Drain Will+ rCorr MP+9}
   (You bought it in a shop on level 3 of the Depths)

   Will+:     It increases your willpower.
   MP+9:      It affects your magic capacity (+9).
   rCorr:     It protects you from acid and corrosion.
   Drain:     It drains your maximum health when unequipped.
 x - a +2 cloak of preservation
 A - +0 gold dragon scales
 D - a +2 tower shield of reflection
 P - the +8 scale mail of Ihot Morph (worn) {rF+}
   (You took it off a mummy priest on level 1 of the Crypt)

   rF+:       It protects you from fire.
 R - the +2 pair of gloves of Kihol (worn) {Harm rN++}
   (You acquired it on level 3 of the Crypt)

   rN++:      It greatly protects you from negative energy.
   Harm:      It increases damage dealt and taken.
 W - the +6 tower shield of Jasmiud (worn) {Dex+5}
   (You found it on level 1 of the Snake Pit)

   Dex+5:     It affects your dexterity (+5).
Magical Staves
 s - the staff "Unoduolu" {rPois rC+ rN++ Tloc Ice}
   (You found it on level 5 of a ziggurat)

   [staff of cold]

   Base accuracy: +5 Base damage: 5 Base attack delay: 1.2 This weapon's minimum
   attack delay (0.6) is reached at skill level 12.
   rC+:       It protects you from cold.
   rPois:     It protects you from poison rN++: It greatly protects you from
   negative energy.
   Tloc:      It increases the power of your Translocations spells.
   Ice:       It increases the power of your Ice spells.
   It falls into the 'Staves' category.
   It is a weapon for one hand-pair.
 v - the staff of the Fox {rPois rF++ rC- Int+3 Poison}
   (You found it on level 3 of the Realm of Zot)

   [staff of poison]

   Base accuracy: +5 Base damage: 5 Base attack delay: 1.2 This weapon's minimum
   attack delay (0.6) is reached at skill level 12.
   Int+3:     It affects your intelligence (+3).
   rF++:      It greatly protects you from fire.
   rC-:       It makes you vulnerable to cold.
   rPois:     It protects you from poison Poison: It increases the power of your
   Poison spells.
   It falls into the 'Staves' category.
   It is a weapon for one hand-pair.
 L - the staff of Spring (weapon) {Will+ Earth}
   (You took it off a mummy priest on level 1 of the Crypt)

   [staff of earth]

   Base accuracy: +5 Base damage: 5 Base attack delay: 1.2 This weapon's minimum
   attack delay (0.6) is reached at skill level 12.
   Will+:     It increases your willpower.
   Earth:     It increases the power of your Earth spells.
   It falls into the 'Staves' category.
   It is a weapon for one hand-pair.
Jewellery
 h - the amulet of Fiqow (around neck) {RegenMP Str+2 Int+3}
   (You took it off a vault sentinel on level 2 of the Vaults)

   [amulet of magic regeneration]

   RegenMP:   It increases your rate of magic regeneration.
   Str+2:     It affects your strength (+2).
   Int+3:     It affects your intelligence (+3).
 i - the ring "Fimo" {Wiz +Blink Will+}
   (You found it on level 3 of the Realm of Zot)

   [ring of wizardry]

   Wiz:       It improves your spell success rate.
   Will+:     It increases your willpower.
   +Blink:    It lets you blink.
 k - a ring of Suspected Treachery (right hand) {rN+ MP+9 Str+3 Dex+4 SInv}
   (You found it on level 3 of the Crypt)

   [ring of see invisible]

   Str+3:     It affects your strength (+3).
   Dex+4:     It affects your dexterity (+4).
   rN+:       It protects you from negative energy.
   MP+9:      It affects your magic capacity (+9).
   SInv:      It lets you see invisible.
 q - a ring of wizardry
 y - the amulet of Dishonesty {Spirit Fly rPois Will-}
   (You found it on level 3 of the Realm of Zot)

   [amulet of guardian spirit]

   Spirit:    It causes incoming damage to be divided between your reserves of
   health and magic.
   rPois:     It protects you from poison Will-: It decreases your willpower.
   Fly:       It grants you flight.
 H - the ring of Aclous {rElec rPois Dex+4}
   (You found it on level 14 of the Dungeon)

   [ring of poison resistance]

   Dex+4:     It affects your dexterity (+4).
   rElec:     It insulates you from electricity.
   rPois:     It protects you from poison
 O - the ring "Samuotso" (left hand) {rElec rC+ rN+}
   (You took it off a hell knight on level 2 of the Depths)

   [ring of protection from cold]

   rC+:       It protects you from cold.
   rElec:     It insulates you from electricity.
   rN+:       It protects you from negative energy.
 S - the ring of Tender Moments {+Blink rPois Will+ AC+4}
   (You took it off a yaktaur captain on level 4 of the Vaults)

   [ring of protection]

   AC+4:      It affects your AC (+4).
   rPois:     It protects you from poison Will+: It increases your willpower.
   +Blink:    It lets you blink.
Wands
 b - a wand of quicksilver (33)
 E - a wand of roots (72)
 Y - a wand of digging (4)
Scrolls
 a - 8 scrolls of fog
 p - 2 scrolls of fear
 r - 11 scrolls of enchant weapon
 t - 4 scrolls of vulnerability
 u - a scroll of torment
 B - 3 scrolls of silence
 C - 6 scrolls of revelation
 F - 3 scrolls of brand weapon
 Q - 2 scrolls of poison
 T - a scroll of enchant armour
 U - 12 scrolls of amnesia
 X - 2 scrolls of summoning
Potions
 c - 13 potions of heal wounds
 f - a potion of magic
 g - 6 potions of brilliance
 l - 2 potions of ambrosia
 m - 4 potions of resistance
 n - 5 potions of invisibility
 o - 22 potions of curing
 w - 8 potions of enlightenment
 M - 10 potions of might
 Z - 2 potions of attraction
Miscellaneous
 d - the horn of Geryon


   Skills:
 - Level 15.0 Fighting
 - Level 2.0(7.8) Maces & Flails
 - Level 11.9(12.0) Staves
 - Level 25.0 Armour
 - Level 18.0 Dodging
 - Level 3.0 Stealth
 - Level 21.0 Shields
 - Level 26.0 Spellcasting
 - Level 13.0 Conjurations
 - Level 2.0 Summonings
 - Level 3.0 Necromancy
 - Level 9.0 Translocations
 - Level 1.1 Transmutations
 - Level 15.0 Ice Magic
 + Level 25.6 Earth Magic
 - Level 10.0 Invocations
 - Level 10.4 Evocations


You had 24 spell levels left.
You knew the following spells:

 Your Spells              Type           Power      Damage    Failure   Level
a - Sandblast             Erth           100%       2d20      0%          1
b - Stone Arrow           Conj/Erth      100%       3d13      0%          3
c - Brom's Barrelling Bo  Conj/Erth      100%       2d11      0%          4
d - Lee's Rapid Deconstr  Erth           85%        3d38*     0%          5
e - Animate Armour        Summ/Erth      100%       N/A       0%          4
f - Petrify               Tmut/Erth      100%       N/A       0%          4
g - Borgnjor's Vile Clut  Necr/Erth      71%        N/A       1%          5
h - Shatter               Erth           85%        3d61*     1%          9
i - Lehudib's Crystal Sp  Conj/Erth      78%        10d17     1%          8
j - Ozocubu's Refrigerat  Ice            60%        4d20      1%          7
k - Passage of Golubria   Tloc           100%       N/A       1%          4

Your spell library contained the following spells:

 Spells                   Type           Power      Damage    Failure   Level
 Apportation              Tloc           100%       N/A       0%          1
 Magic Dart               Conj           100%       1d8       0%          1
 Lesser Beckoning         Tloc           100%       N/A       0%          2
 Momentum Strike          Conj/Tloc      100%       3d10      0%          2
 Passwall                 Tmut/Erth      100%       N/A       0%          2
 Searing Ray              Conj           100%       2d8       0%          2
 Frozen Ramparts          Ice            100%       1d16      0%          3
 Hailstorm                Conj/Ice       100%       3d20      0%          3
 Ozocubu's Armour         Ice            100%       N/A       0%          3
 Foxfire                  Conj/Fire      100%       2x1d9     1%          1
 Necrotise                Necr           100%       1d9       1%          1
 Slow                     Hex            100%       N/A       1%          1
 Sting                    Tmut/Pois      100%       1d8       1%          1
 Summon Small Mammal      Summ           100%       N/A       1%          1
 Call Imp                 Summ           100%       N/A       1%          2
 Cigotuvi's Dreadful Rot  Necr/Pois/Air  100%       N/A       1%          2
 Ensorcelled Hibernation  Hex/Ice        100%       N/A       1%          2
 Jinxbite                 Hex            100%       N/A       1%          2
 Poisonous Vapours        Pois/Air       100%       N/A       1%          2
 Scorch                   Fire           100%       2d9       1%          2
 Wereblood                Tmut           66%        N/A       1%          2
 Call Canine Familiar     Summ           71%        N/A       1%          3
 Confusing Touch          Hex            60%        N/A       1%          3
 Dazzling Flash           Conj/Hex       100%       N/A       1%          3
 Gell's Gravitas          Tloc           100%       N/A       1%          3
 Ignite Poison            Fire/Tmut/Pois 62%        N/A       1%          3
 Inner Flame              Hex/Fire       60%        N/A       1%          3
 Mephitic Cloud           Conj/Pois/Air  83%        N/A       1%          3
 Sigil of Binding         Hex            60%        N/A       1%          3
 Summon Guardian Golem    Hex/Summ       66%        N/A       1%          3
 Teleport Other           Tloc           100%       N/A       1%          3
 Vampiric Draining        Necr           77%        2d11      1%          3
 Volatile Blastmotes      Fire/Tloc      100%       2d18      1%          3
 Anguish                  Hex/Necr       34%        N/A       1%          4
 Animate Dead             Necr           77%        N/A       1%          4
 Dispel Undead            Necr           77%        3d25      1%          4
 Flame Wave               Conj/Fire      92%        2d19      1%          4
 Fulminant Prism          Conj/Hex       46%        3d21      1%          4
 Iskenderun's Mystic Bla  Conj/Tloc      100%       2d19      1%          4
 Manifold Assault         Tloc           100%       N/A       1%          4
 Sticky Flame             Conj/Fire      92%        2d10      1%          4
 Arcjolt                  Conj/Air       46%        1d56      1%          5
 Fireball                 Conj/Fire      46%        3d18      1%          5
 Freezing Cloud           Conj/Ice/Air   51%        6-21      1%          5
 Irradiate                Conj/Tmut      47%        3d27      1%          5
 Iskenderun's Battlesphe  Conj           100%       2d15      1%          5
 Summon Forest            Summ/Tloc      44%        N/A       1%          5
 Bombard                  Conj/Erth      78%        9d13      1%          6
 Orb of Destruction       Conj           57%        9d14      1%          7
 Summon Lightning Spire   Summ/Air       66%        N/A       2%          4
 Agony                    Necr           77%        N/A       2%          5
 Conjure Ball Lightning   Conj/Air       46%        3x3d16    3%          6
 Starburst                Conj/Fire      46%        6d13      3%          6
 Alistair's Intoxication  Tmut/Pois      42%        N/A       8%          5
 Silence                  Hex/Air        30%        N/A       9%          5
 Spellforged Servitor     Conj/Summ      48%        N/A       13%         7
 Death Channel            Necr           38%        N/A       14%         6
 Summon Cactus Giant      Summ           35%        N/A       22%         6
 Eringya's Noxious Bog    Tmut/Pois      31%        4d6       38%         6
 Plasma Beam              Fire/Air       30%        2x1d43    45%         6
 Haunt                    Necr/Summ      37%        N/A       69%         7
 Summon Hydra             Summ           35%        N/A       77%         7
 Borgnjor's Revivificati  Necr           38%        N/A       99%         8
 Infestation              Necr           38%        N/A       99%         8
 Ignition                 Fire           30%        3d10      100%        8
 Maxwell's Capacitive Co  Air            30%        ∞         100%        8
 Chain Lightning          Conj/Air       46%        3d61      100%        9
 Death's Door             Necr           38%        N/A       100%        9
 Fire Storm               Conj/Fire      46%        8d12      100%        9
 Blink                    Tloc           Unusable   N/A       N/A         2
 Vhi's Electric Charge    Tloc/Air       Unusable   N/A       N/A         4

Dungeon Overview and Level Annotations

Branches:
Dungeon (15/15)            Temple (1/1) D:6            Lair (5/5) D:8
 Shoals (4/4) Lair:3        Snake (4/4) Lair:2        Slime (0/5) Lair:5
    Orc (2/2) D:9             Elf (3/3) Orc:2        Vaults (5/5) D:13
  Crypt (3/3) Vaults:2       Tomb (1/3) Crypt:3      Depths (4/4) D:15
   Hell (visited)             Dis (0/7) Hell            Geh (0/7) Hell
    Coc (0/7) Hell            Tar (0/7) Hell            Zot (5/5) Depths:4
Ossuary (visited)

Altars:
Ashenzari
Cheibriados
Dithmenos
Elyvilon
Fedhas
Gozag
Hepliaklqana
Kikubaaqudgha
Makhleb
Nemelex Xobeh
Okawaru
Qazlal
Ru
Sif Muna
Trog
Uskayaw
Vehumet
Wu Jian
Xom
Yredelemnul
Zin
The Shining One
Jiyva
Lugonu

Shops:
D:5 ?   D:9 [   D:13 [:(*   Orc:2 :(![   Elf:1 !   Snake:4 !(:   Vaults:2 [
Vaults:3 *   Vaults:4 :   Depths:1 =:=   Depths:3 [**

Portals:
Hell: Depths:1 Depths:2 Depths:3 Depths:4
Abyss: Lair:5 Depths:3
Pandemonium: Depths:2 Depths:3

Annotations:
Lair:5 3 runed translucent doors, zurenarrh's ghost, journeyman FoEE
Zot:3 2 transporters
Zot:5 2 transporters


Innate Abilities, Weirdness & Mutations

You cannot be hasted, slowed, berserked, paralysed or teleported.
You can dig through walls and to a lower floor.
You have a pair of large antennae on your head. (SInv)
Your four strong arms can wield two-handed weapons with a shield.
You have sharp fingernails.
You possess an exceptional clarity of mind.
Your mind is acute. (Int +4, Str/Dex -1)
Armour fits poorly on your strangely shaped body.
You occasionally lose the ability to read scrolls when taking damage.


Message History

You kill Natasha!
Cheibriados appreciates the change of pace.
Magic restored.
An Orb Guardian comes into view.
You feel a surge of power!
The crystal spear hits the Orb Guardian!!!!
You kill the Orb Guardian!
Cheibriados appreciates the change of pace.
There is a stone staircase leading up here.
You climb upwards.
There is a stone staircase leading down here.
You sense a monster nearby.
A chaos spawn comes into view.
You feel a surge of power!
The crystal spear hits the chaos spawn!!!!
You kill the chaos spawn!
Cheibriados appreciates the change of pace.
The chaos spawn degenerates into a cloud of primal chaos!
Magic restored.
There is a stone staircase leading up here.
You climb upwards.
There is a stone staircase leading down here.
A soul eater comes into view.
You feel a surge of power!
The crystal spear hits the soul eater!!!!
You kill the soul eater!
Cheibriados appreciates the change of pace.
Magic restored.
You open the door.
There is an open door here.
An ice devil comes into view.
You feel a surge of power!
The crystal spear misses the ice devil.
You feel a surge of power!
The crystal spear hits the ice devil!!!!
You kill the ice devil!
Cheibriados appreciates the change of pace.
There is a staircase leading out of the dungeon here.
You start resting.
Magic restored.
You have escaped!

......†....+.....................
#########.##........####.########
....# #.##........####.# ....#
#...###8'8###....# ....#
#..##≈~~.~≈≈##...# ....#
#.##≈≈~.P.~~~##..# ....#
###≈≈P..8..P~≈##.######## ....#
#≈~~.......~~≈#......... #...###
#≈P.8..@..8.P≈########## ###...#
#≈~~.......≈≈~#......... ......#
###≈~P..8..P≈≈##.#####...
......###.##~~~.P.≈≈≈##..........
......'....##≈≈~.~≈≈##....##.....
......##....###8'8###.....#......
.......#..................#......
.......#.#####.######.....#......
.......#.# #.#..........#......


There were no monsters in sight!

Vanquished Creatures
  8 dread liches
  Tiamat (Zot:2)
  5 ancient liches
  Mara (Shoals:4)
  5 orbs of fire
  2 juggernauts
  Josephina (Zot:2)
  27 royal mummies
  7 Killer Klowns
  Xtahua (Vaults:2)
  Margery (Crypt:3)
  2 curse toes
  Saint Roka (Orc:2)
  Geryon (Hell)
  16 golden dragons
  Nikola (Shoals:4)
  Norris (Vaults:1)
  2 bone dragons (Zot:2)
  5 electric golems
  An iron giant (Zig:6)
  A hellephant (Zot:4)
  Rupert (Orc:1)
  22 tentacled monstrosities
  A Hell Sentinel (Zig:11)
  Jorgrun (Orc:2)
  Mlioglotl (Snake:4)
  6 liches
  A tainted leviathan (Hell)
  A shard shrike skeleton (Crypt:2)
  2 walking divine tomes (Depths:3)
  An Ice Fiend (Depths:4)
  8 titans
  32 Orb Guardians
  A walking earthen tome (Depths:2)
  5 deep elf blademasters
  6 searing wretches
  A deep elf master archer (Elf:3)
  A kraken (Shoals:4)
  7 quicksilver dragons
  5 acid blobs
  Murray (Hell)
  16 death cobs
  2 Executioners
  7 ancient champions
  Frances (Snake:1)
  12 sphinxes
  20 storm dragons
  Kirke (Lair:4)
  9 tengu reavers
  A tentacled starspawn (Abyss:2)
  Aizul (Snake:1)
  13 shadow dragons
  7 revenants
  16 draconian knights
  3 nagarajas
  Ilsuiw (Shoals:2)
  13 draconian monks
  2 azure jellies
  A daeva (D:9)
  2 demonspawn warmongers (Zig:11)
  9 fire giants
  9 frost giants
  7 draconian scorchers
  8 deep elf sorcerers
  25 vault wardens
  2 rockslimes
  A balrug (Zig:2)
  6 ghouls
  Louise (Snake:1)
  A pandemonium lord (Zig:11)
  6 ghost moths
  14 draconian annihilators
  2 deep elf elementalists
  A curse skull (Crypt:2)
  5 draconian shifters
  A broodmother (Zig:10)
  An orc warlord (Vaults:4)
  7 iron dragons
  4 draconian stormcallers
  4 spriggan defenders (Depths:2)
  2 reapers
  A cacodemon (Zig:11)
  8 vampire knights
  4 war gargoyles
  19 ironbound preservers
  19 very ugly things
  15 stone giants
  2 demonspawn black suns (Zig:11)
  3 formless jellyfish
  11 ironbound thunderhulks
  Nessos (Lair:4)
  7 deep elf demonologists
  20 black draconians
  21 green draconians
  6 putrid mouths
  6 deep elf annihilators
  Azrael (D:13)
  A lorocyproca (Depths:3)
  29 red draconians
  15 purple draconians
  8 dire elephants
  14 yellow draconians
  7 eidola
  A spark wasp (Depths:3)
  24 white draconians
  A spectral titan (Crypt:3)
  5 green deaths
  2 spectral quicksilver dragons (Crypt:3)
  7 deep elf death magi
  15 yaktaur captains
  12 mummy priests
  5 merfolk impalers
  19 ettins
  8 jiangshi
  2 blizzard demons
  4 merfolk javelineers
  6 fire dragons
  3 entropy weavers
  3 deep elf high priests
  3 crystal guardians
  A spectral fenstrider witch (Crypt:3)
  2 spectral spriggans (Crypt:3)
  6 rakshasas
  4 salamander tyrants
  A caustic shrike simulacrum (Crypt:3)
  6 great orbs of eyes
  4 hell beasts
  4 hydras
  A fenstrider witch zombie (Tomb:1)
  10 anacondas
  7 ice dragons
  A fenstrider witch skeleton (Crypt:2)
  2 spriggan air magi
  2 peacekeepers
  An alligator snapping turtle (Shoals:4)
  4 death knights (Crypt:2)
  A sphinx zombie (D:15)
  31 vault guards
  10 ironbound frosthearts
  5 merfolk avatars
  2 ogre magi (Vaults:5)
  4 merfolk aquamancers
  4 boulder beetles
  13 dancing weapons
  12 centaur warriors
  3 deep troll earth magi
  4 two-headed ogres
  4 satyrs
  A stoker (Hell)
  6 deep troll shamans
  6 naga warriors
  2 spriggan berserkers (Depths:2)
  5 hell hogs
  An orc high priest (Orc:2)
  15 death scarabs (Tomb:1)
  A quicksilver ooze zombie (Crypt:1)
  A spectral storm dragon (Crypt:3)
  2 demonic crawlers
  4 thrashing horrors (Lair:5)
  Urug (Lair:5)
  5 tengu warriors
  A spectral dire elephant (Crypt:3)
  A spectral naga (Crypt:3)
  5 shock serpents
  9 naga sharpshooters
  6 vampire magi
  2 occultists
  11 sun demons
  27 hell knights
  Sonja (Lair:2)
  13 soul eaters
  A storm dragon zombie (Depths:2)
  10 deep elf knights
  4 iron trolls
  3 skysharks
  Nergalle (Orc:1)
  2 spectral anacondas (Crypt:3)
  A spectral catoblepas (Crypt:3)
  9 shadow wraiths
  A fire crab (shapeshifter) (Vaults:4)
  30 skeletal warriors
  A fire crab (Lair:4)
  3 sea snakes
  A sixfirhy (Depths:3)
  Amaemon (D:10)
  A pharaoh ant (Zig:1)
  7 flayed ghosts
  4 orange crystal statues
  6 naga ritualists
  6 glowing orange brains
  5 salamander mystics
  A spriggan simulacrum (Tomb:1)
  64 deep trolls
  A bog body (Crypt:2)
  9 deep elf archers
  An orb spider (Zig:10)
  2 spectral iron dragons (Crypt:3)
  A swamp dragon (shapeshifter) (Vaults:4)
  7 death drakes
  A shadow demon (D:15)
  2 steelbarb worms (Zig:10)
  3 obsidian statues
  19 ironbound convokers
  A kraken simulacrum (Shoals:4)
  A steelbarb worm (shapeshifter) (Depths:2)
  9 arcanists
  A golden dragon skeleton (Crypt:2)
  An orc knight (Orc:1)
  15 necromancers
  A spectral hydra (Crypt:3)
  23 phantasmal warriors
  A harpy (shapeshifter) (Depths:2)
  24 harpies
  13 mana vipers
  A cyclops (shapeshifter) (Vaults:4)
  31 deep elf pyromancers
  28 deep elf zephyrmancers
  6 lindwurms
  A wolf spider (Vaults:4)
  37 ugly things
  3 orc sorcerers (Orc:2)
  10 cyclopes
  3 shining eyes
  A mana viper (shapeshifter) (Vaults:4)
  5 oklob plants
  A stone giant zombie (Vaults:3)
  5 fauns
  19 salamanders
  9 manticores
  A spectral ice dragon (Crypt:3)
  A spectral alligator snapping turtle (Crypt:3)
  A moth of wrath (shapeshifter) (Vaults:5)
  26 moths of wrath
  3 water nymphs
  A frost giant skeleton (Vaults:2)
  9 elephants
  2 ice statues (Zig:9)
  10 merfolk sirens
  Maurice (Orc:1)
  A fire giant skeleton (Vaults:2)
  5 rust devils (Hell)
  21 vault sentinels
  16 naga magi
  2 smoke demons
  29 black mambas
  2 water nymphs (shapeshifter)
  A gargoyle (D:11)
  An alligator snapping turtle zombie (Crypt:2)
  A black draconian zombie (Crypt:1)
  6 large abominations
  4 guardian serpents
  2 hellions
  A centaur skeleton (Crypt:2)
  2 eyes of devastation
  2 torpor snails
  A yaktaur zombie (Vaults:3)
  10 cane toads
  A dire elephant skeleton (Crypt:2)
  An orange demon (D:10)
  A kobold demonologist (D:10)
  4 rime drakes
  A storm dragon simulacrum (Zot:2)
  7 komodo dragons
  4 tengu conjurers
  3 ice devils
  3 tormentors
  22 freezing wraiths
  A pale draconian skeleton (Crypt:1)
  16 guardian mummies
  46 yaktaurs
  An ancient zyme (Abyss:2)
  A catoblepas skeleton (Crypt:3)
  A grey draconian skeleton (Crypt:1)
  A minotaur skeleton (Crypt:3)
  A spark wasp simulacrum (Depths:2)
  A merfolk (shapeshifter) (Depths:2)
  A meliai (Zig:10)
  A harpy zombie (Tomb:1)
  3 spectral harpies (Crypt:3)
  A troll (shapeshifter) (Lair:5)
  5 trolls
  A red devil (Zig:11)
  16 merfolk
  3 hornets
  Grinder (D:3)
  4 glass eyes
  A tengu simulacrum (Vaults:2)
  An iron dragon simulacrum (Crypt:3)
  3 wind drakes
  3 tarantellas
  13 blink frogs
  7 dream sheep
  A death drake skeleton (Crypt:1)
  6 raiju
  A centaur simulacrum (Crypt:3)
  6 snapping turtles
  A draconian simulacrum (Zot:2)
  25 slime creatures
  A stone giant simulacrum (Depths:2)
  A satyr skeleton (Crypt:1)
  Sigmund (D:5)
  5 flying skulls (Tomb:1)
  3 ushabtiu (Tomb:1)
  5 water elementals
  A culicivora (Zig:10)
  A shadow (D:11)
  A naga simulacrum (Crypt:3)
  8 wraiths
  3 wyverns
  3 ynoxinuls
  A wyvern (shapeshifter) (Lair:5)
  2 fire elementals
  7 humans (Zot:4)
  An air elemental (Elf:1)
  22 yaks
  2 golden eyes
  4 basilisks
  6 steam dragons
  8 redbacks
  2 white draconian simulacra (Zot:2)
  4 chaos spawn
  A human simulacrum (Vaults:2)
  Edmund (D:5)
  A naga zombie (Crypt:2)
  6 wargs
  30 nagas
  2 acid dragons
  A warg (shapeshifter) (Depths:3)
  A deep troll zombie (Crypt:3)
  12 water moccasins
  2 hell hounds (D:13)
  A glowing shapeshifter skeleton (Crypt:1)
  A deep troll skeleton (Crypt:2)
  2 ice beasts
  A black bear (D:5)
  32 orc warriors
  3 sky beasts
  13 ogres
  4 boggarts (Vaults:2)
  A hog zombie (Crypt:1)
  12 centaurs
  9 small abominations
  21 wolves
  3 phantoms
  Blork the orc (D:5)
  A human zombie (Vaults:2)
  3 kobold brigands
  15 bullfrogs
  5 scorpions
  2 gnoll sergeants
  A human skeleton (Vaults:3)
  3 cyclops zombies
  An earth elemental (Elf:3)
  A troll zombie (Crypt:2)
  10 wights
  A yak zombie (Crypt:3)
  An oklob sapling (D:13)
  6 killer bees (D:7)
  A killer bee (shapeshifter) (Vaults:5)
  A wolf zombie (Crypt:3)
  5 centaur zombies
  A quasit (Abyss:2)
  2 bullfrog zombies (Ossuary)
  8 jellies
  20 orc priests
  Crazy Yiuf (D:3)
  3 gnoll boudas
  6 hounds
  Natasha (thrice) (D:3)
  A basilisk skeleton (Crypt:1)
  5 iguanas
  33 orc wizards
  3 hell rats
  An ice beast zombie (Crypt:3)
  An ogre zombie (Ossuary)
  2 naga skeletons
  7 mummies
  Robin (D:3)
  22 gnolls
  10 adders
  2 river rats (D:3)
  2 white imps (D:6)
  6 ufetubi (D:5)
  6 adder zombies
  A worm (D:4)
  3 dart slugs
  78 orcs
  16 ball pythons
  A ball python (shapeshifter) (Vaults:3)
  11 endoplasms
  6 giant cockroaches
  12 goblins
  5 hobgoblins
  5 jackals
  5 quokkas
  A ball python skeleton (Crypt:1)
  4 bats
  An endoplasm zombie (Crypt:1)
  4 frilled lizards
  3 gnoll zombies (Ossuary)
  4 goblin zombies
  5 hobgoblin zombies (Ossuary)
  20 kobolds
  A quokka zombie (D:5)
  24 rats
  A butterfly (Lair:2)
  A creeping inferno (Hell)
  A fire vortex (Hell)
  A tentacle (Shoals:4)
2561 creatures vanquished.

Vanquished Creatures (collateral kills)
  A deep elf master archer (Elf:3)
  An acid blob (Zig:7)
  A quicksilver dragon (Snake:4)
  An Executioner (Abyss:2)
  A nagaraja (Snake:4)
  2 ghost moths (Zig:10)
  A formless jellyfish (Vaults:3)
  A deep elf annihilator (Elf:3)
  2 deep elf demonologists (Elf:3)
  A spark wasp (Zig:10)
  3 deep elf death magi (Elf:3)
  An entropy weaver (Zig:10)
  A fire dragon (Depths:1)
  4 hydras
  A jorogumo (Zig:10)
  A death knight (D:14)
  3 boulder beetles
  2 anacondas
  A death yak (Lair:1)
  2 dancing weapons (Elf:1)
  A shock serpent (Snake:3)
  3 naga warriors
  2 sun demons
  A storm dragon skeleton (D:15)
  A large abomination (Lair:5)
  A deep elf archer (Elf:2)
  3 naga ritualists
  A steelbarb worm (Zig:10)
  A harpy (Shoals:1)
  An ugly thing (D:15)
  2 orc knights
  A lindwurm (Lair:4)
  3 mana vipers
  A deep elf pyromancer (Elf:1)
  A wolf spider (Zig:10)
  A manticore (Shoals:1)
  A cyclops (D:15)
  2 naga magi (Snake:4)
  9 slime creatures
  5 elephants (Lair:5)
  10 black mambas
  4 cane toads
  2 smoke demons (Abyss:2)
  A torpor snail (Lair:4)
  A tengu conjurer (D:15)
  2 komodo dragons
  A troll (D:12)
  A wind drake (Shoals:1)
  2 merfolk (Shoals:1)
  A polar bear (Lair:4)
  4 blink frogs
  7 dream sheep
  2 small abominations (Lair:5)
  A hog (Lair:5)
  A wyvern (Lair:4)
  10 yaks
  2 basilisks (Lair:5)
  5 fire elementals
  A naga (Snake:3)
  5 water moccasins
  4 orc warriors (Orc:2)
  A black bear (shapeshifter) (D:15)
  5 wolves
  3 bullfrogs
  A quasit (Abyss:2)
  A jelly (Lair:5)
  3 hell rats (Lair:2)
  An ufetubus (Abyss:2)
  2 orcs (Orc:2)
  An endoplasm (Lair:5)
  9 boulders
166 creatures vanquished.

Vanquished Creatures (others)
  A golden dragon (Zot:3)
  An eldritch tentacle (Zig:11)
  A ghost moth (Zot:3)
  2 deep elf knights (Elf:3)
  A harpy (Shoals:1)
  A deep elf zephyrmancer (Elf:1)
  2 deep elf pyromancers (Elf:1)
  An arcanist (D:3)
  A slime creature (Vaults:1)
  A water elemental (Elf:1)
  A yak (Lair:5)
  A golden eye (shapeshifter) (D:13)
  4 humans (Lair:5)
  A naga (Snake:4)
  2 small abominations (Abyss:2)
  An ufetubus (Abyss:2)
  An orc (Orc:2)
  9 boulders
  A creeping inferno (Hell)
  2 starspawn tentacles (Abyss:2)
  6 tentacles (Shoals:4)
41 creatures vanquished.

Grand Total: 2768 creatures vanquished

Notes
Turn   | Place    | Note
-------+----------+-------------------------------------------
     0 | D:1      | zurenarrh the Formicid Earth Elementalist began the quest
                  | for the Orb.
     0 | D:1      | Reached XP level 1. HP: 13/13 MP: 3/3
   262 | D:1      | Reached XP level 2. HP: 19/19 MP: 5/5
   589 | D:1      | Reached XP level 3. HP: 24/24 MP: 6/6
  1414 | D:2      | Reached skill level 5 in Earth Magic
  1506 | D:2      | Reached XP level 4. HP: 30/30 MP: 7/7
  1510 | D:2      | Learned a level 3 spell: Stone Arrow
  1882 | D:3      | Found an iron altar of Okawaru.
  1929 | D:3      | Identified the +2 robe of Valour {rC- Will+++ Int-5 Dex+6}
  1941 | D:3      | Found a faded altar of an unknown god.
  2019 | D:3      | Noticed Grinder
  2019 | D:3      | Noticed Natasha
  2024 | D:3      | Killed Natasha
  2097 | D:3      | Killed Grinder
  2098 | D:3      | Reached XP level 5. HP: 21/35 MP: 4/8
  2098 | D:3      | Reached XP level 6. HP: 24/41 MP: 4/9
  2401 | D:3      | Found a bloodstained altar of Trog.
  2405 | D:3      | Noticed an arcanist
  2411 | D:3      | Killed an arcanist
  2532 | D:3      | Found a runed translucent door.
  2533 | D:3      | Noticed Crazy Yiuf
  2571 | D:3      | Reached skill level 1 in Conjurations
  2573 | D:3      | Noticed Robin
  2576 | D:3      | Killed Robin
  2598 | D:3      | Reached XP level 7. HP: 22/46 MP: 2/10
  3333 | D:3      | Noticed Natasha
  3345 | D:3      | Killed Natasha
  3411 | D:3      | Killed Crazy Yiuf
  3923 | D:4      | Noticed a steam dragon
  3930 | D:4      | Killed a steam dragon
  3931 | D:4      | Reached skill level 1 in Maces & Flails
  3931 | D:4      | Reached XP level 8. HP: 52/52 MP: 7/11
  4067 | D:4      | Reached skill level 5 in Conjurations
  4436 | D:5      | Entered Level 5 of the Dungeon
  4436 | D:5      | Noticed Sigmund
  4438 | D:5      | Killed Sigmund
  4467 | D:5      | Found Cyziegob's Magic Scroll Shop.
  4476 | D:5      | Bought a scroll of fear for 56 gold pieces
  4476 | D:5      | Bought a scroll of identify for 28 gold pieces
  4488 | D:5      | Noticed Edmund
  4551 | D:5      | Killed Edmund
  4560 | D:5      | Found a sand-covered staircase.
  4571 | Ossuary  | Entered an ossuary
  4900 | Ossuary  | Reached XP level 9. HP: 48/57 MP: 12/12
  5080 | Ossuary  | Noticed a silent spectre
  5167 | D:5      | Noticed Blork the orc
  5169 | D:5      | Killed Blork the orc
  5176 | D:5      | Reached skill level 3 in Spellcasting
  5392 | D:5      | Reached skill level 4 in Spellcasting
  5505 | D:5      | Reached skill level 5 in Spellcasting
  5972 | D:6      | Learned a level 4 spell: Brom's Barrelling Boulder
  6051 | D:6      | Reached skill level 6 in Spellcasting
  6208 | D:6      | Found a staircase to the Ecumenical Temple.
  6254 | Temple   | Entered the Ecumenical Temple
  6295 | Temple   | Became a worshipper of Cheibriados the Contemplative
  6578 | D:6      | Reached skill level 7 in Spellcasting
  6608 | D:6      | Reached XP level 10. HP: 63/63 MP: 21/21
  6756 | D:6      | Reached skill level 8 in Spellcasting
  6817 | D:6      | Reached * piety under Cheibriados
  7016 | D:7      | Reached skill level 9 in Spellcasting
  7426 | D:7      | Reached ** piety under Cheibriados
  7429 | D:7      | Reached skill level 10 in Spellcasting
  8049 | D:7      | Found a sparkling altar of Nemelex Xobeh.
  8471 | D:8      | Noticed a five-headed hydra
  8475 | D:8      | Reached skill level 11 in Spellcasting
  8481 | D:8      | Killed a five-headed hydra
  8482 | D:8      | Reached XP level 11. HP: 67/68 MP: 16/26
  8757 | D:8      | Reached *** piety under Cheibriados
  8795 | D:8      | Reached skill level 12 in Spellcasting
  9061 | D:8      | Found a staircase to the Lair.
  9212 | D:8      | Found a glowing golden altar of the Shining One.
  9255 | D:8      | Found a hide-covered altar of Uskayaw.
  9620 | D:9      | Found Hauplu's Armour Shop.
  9730 | D:9      | Reached **** piety under Cheibriados
 10034 | D:9      | Reached skill level 13 in Spellcasting
 10156 | D:9      | Reached skill level 1 in Fighting
 10210 | D:9      | Found a staircase to the Orcish Mines.
 10681 | D:13     | Identified the "Papsuxt"
 10681 | Lair:5   | Identified the of Inov
 10681 | Orc:1    | Entered Level 1 of the Orcish Mines
 10726 | Orc:1    | Noticed Maurice
 10732 | Orc:1    | Killed Maurice
 10882 | Orc:1    | Noticed Nergalle
 10887 | Orc:1    | Killed Nergalle
 10889 | Orc:1    | Reached ***** piety under Cheibriados
 11059 | Orc:1    | Reached skill level 5 in Fighting
 11194 | Orc:2    | Entered Level 2 of the Orcish Mines
 11361 | D:10     | Entered Level 10 of the Dungeon
 11407 | D:10     | Noticed a two-headed ogre
 11414 | D:10     | Killed a two-headed ogre
 11686 | D:10     | Noticed Amaemon
 11693 | D:10     | Killed Amaemon
 11697 | D:10     | Reached XP level 12. HP: 67/91 MP: 15/29
 11888 | D:10     | Found a sacrificial altar of Ru.
 12068 | D:10     | Found an ornate altar of the Wu Jian Council.
 12070 | D:10     | Found a white marble altar of Elyvilon.
 12072 | D:10     | Found a burning altar of Makhleb.
 12336 | D:10     | Identified the +5 hand axe "Death Rattle" {drain, rCorr}
 12515 | D:10     | Learned a level 5 spell: Lee's Rapid Deconstruction
 12520 | D:10     | Learned a level 4 spell: Animate Armour
 12607 | D:11     | Reached skill level 1 in Summonings
 12711 | D:11     | Noticed a two-headed ogre
 12742 | D:11     | Killed a two-headed ogre
 13068 | D:11     | Noticed a two-headed ogre
 13072 | D:11     | Killed a two-headed ogre
 13324 | D:11     | Reached skill level 10 in Earth Magic
 13559 | D:12     | Found a hide-covered altar of Uskayaw.
 13643 | D:13     | Noticed a tengu warrior
 13689 | D:12     | Noticed a +0 hand axe
 13689 | D:12     | Noticed a +0 hand axe
 14051 | D:12     | Noticed a skeletal warrior
 14338 | D:13     | Killed a tengu warrior
 14633 | D:13     | Reached ****** piety under Cheibriados
 14759 | D:13     | Noticed a boulder beetle
 14774 | D:13     | Killed a boulder beetle
 14775 | D:13     | Reached skill level 1 in Shields
 14775 | D:13     | Reached XP level 13. HP: 77/101 MP: 5/30
 14859 | D:13     | Noticed a five-headed hydra
 14873 | D:13     | Noticed a centaur warrior
 14877 | D:13     | Killed a centaur warrior
 15246 | D:13     | You fall into a shaft and drop 2 floors!
 15246 | D:15     | Entered Level 15 of the Dungeon
 15310 | D:15     | Noticed a centaur warrior
 15314 | D:15     | Killed a centaur warrior
 15560 | D:15     | Noticed a centaur warrior
 15588 | D:15     | Reached skill level 5 in Armour
 15697 | D:15     | Killed a centaur warrior
 15869 | D:15     | Reached skill level 5 in Shields
 16305 | D:14     | Identified the ring of Aclous {rElec rPois Dex+4}
 16468 | D:13     | Found Luecof's Assorted Antiques.
 16489 | D:13     | Noticed a vault guard
 16509 | D:13     | Killed a vault guard
 16510 | D:13     | Reached skill level 5 in Dodging
 16563 | D:13     | Bought a bloodstained cloak for 323 gold pieces
 16563 | D:13     | Identified the +2 cloak "Idghosemp" {+Blink rF- Int+2
                  | Stlth+} (You bought it in a shop on level 13 of the
                  | Dungeon)
 16666 | D:13     | Found Uxkenwapp's Armour Boutique.
 16783 | D:13     | Found Zilugrul's Weapon Shoppe.
 16832 | D:13     | You fall into a shaft and drop 2 floors!
 17483 | D:13     | Found Saw Buwn's Antique Armour Shop.
 18070 | Orc:2    | Noticed Jorgrun
 18218 | Lair:1   | Entered Level 1 of the Lair of Beasts
 18247 | Lair:1   | Learned a level 4 spell: Petrify
 18780 | Lair:1   | Reached XP level 14. HP: 108/108 MP: 31/31
 18820 | Lair:1   | Reached skill level 10 in Armour
 20264 | Lair:2   | Found a staircase to the Snake Pit.
 20274 | Lair:2   | Noticed Sonja
 20280 | Lair:2   | Killed Sonja
 22695 | Lair:3   | Found a staircase to the Shoals.
 23601 | Lair:4   | Noticed Nessos
 23614 | Lair:4   | Killed Nessos
 24315 | Lair:4   | Reached XP level 15. HP: 87/113 MP: 26/32
 24475 | Lair:4   | Reached skill level 15 in Earth Magic
 24479 | Lair:4   | Reached skill level 1 in Invocations
 24995 | Lair:5   | Entered Level 5 of the Lair of Beasts
 25012 | Lair:5   | Reached skill level 5 in Invocations
 25135 | Lair:5   | Noticed Kirke
 25148 | Lair:4   | Killed Kirke
 25558 | Lair:5   | Found a staircase to the Slime Pits.
 25561 | Lair:5   | Found a viscous altar of Jiyva.
 25713 | Lair:5   | Found a runed translucent gate.
 25714 | Lair:5   | Found a runed translucent gate.
 25734 | Lair:5   | Noticed zurenarrh's ghost (journeyman FoEE)
 25742 | Lair:5   | Noticed Urug
 25754 | Lair:5   | Killed Urug
 25997 | Lair:5   | Learned a level 5 spell: Borgnjor's Vile Clutch
 26446 | Lair:5   | Found a runed translucent gate.
 26915 | Lair:5   | Reached skill level 14 in Spellcasting
 26984 | Lair:5   | Reached skill level 1 in Necromancy
 28028 | Lair:5   | Found a corrupted altar of Lugonu.
 28028 | Lair:5   | Found a one-way gate to the infinite horrors of the Abyss.
 28743 | Orc:2    | Noticed Rupert
 29587 | D:13     | Bought a scroll labelled IFUHAZ KIQUS for 34 gold pieces
 29850 | D:13     | Noticed Azrael
 29871 | D:13     | Killed Azrael
 29872 | D:13     | Reached XP level 16. HP: 103/120 MP: 17/34
 30689 | D:13     | Found Hivoutah's Book Emporium.
 30697 | D:13     | Bought a book of Annihilations for 1140 gold pieces
 30707 | D:13     | Learned a level 9 spell: Shatter
 31017 | D:13     | Found a gate to the Vaults.
 33029 | D:15     | Found a staircase to the Depths.
 33665 | Snake:2  | Identified the "Yvov"
 33665 | Vaults:5 | Identified the of Ukhli
 33665 | Vaults:5 | Identified the "Neohaitule"
 33665 | Depths:1 | Entered Level 1 of the Depths
 33986 | Orc:1    | HP: 4/119 [Rupert/+3 great sword of holy wrath (30)]
 33992 | Orc:1    | Killed Rupert
 34340 | Snake:1  | Entered Level 1 of the Snake Pit
 34867 | Snake:1  | Identified the serpent talisman "Naut" {Dex+2 SInv}
 34867 | Snake:1  | Noticed Aizul
 34876 | Snake:1  | Killed Aizul
 35164 | Snake:1  | Noticed Louise
 35191 | Snake:1  | Killed Louise
 35566 | Snake:1  | Identified the +10 spear of the Many Prophets {spect, rPois
                  | rC+ Str+3}
 35582 | Snake:1  | Noticed Frances
 35595 | Snake:1  | Killed Frances
 35864 | Snake:1  | Identified the +6 tower shield of Jasmiud {Dex+5}
 37397 | Snake:2  | Identified the +2 robe "Icirhoff" {Fly Will+ Archmagi}
 37842 | Snake:2  | Found a shadowy altar of Dithmenos.
 38393 | Snake:2  | Reached XP level 17. HP: 118/126 MP: 16/35
 41988 | Snake:4  | Entered Level 4 of the Snake Pit
 42007 | Snake:4  | Upgraded the game from 0.31-a0-997-g9a2f3ffc92 to
                  | 0.31-a0-1001-g770356a28f
 42788 | Snake:4  | Noticed Mlioglotl
 42797 | Snake:4  | Killed Mlioglotl
 43002 | Snake:4  | Found Qovvam's Weapon Shoppe.
 43002 | Snake:4  | Found Wenis's Distillery.
 43011 | Snake:4  | Bought a potion of heal wounds for 80 gold pieces
 44378 | Snake:4  | Found Nyntowij's Book Shoppe.
 44525 | Snake:4  | Reached XP level 18. HP: 125/132 MP: 35/36
 45683 | Snake:4  | Noticed a quicksilver dragon
 45692 | Snake:4  | Killed a quicksilver dragon
 45875 | Snake:4  | Got a serpentine rune of Zot
 46208 | Orc:2    | Reached skill level 10 in Shields
 46210 | Orc:2    | Killed Jorgrun
 46401 | Orc:2    | Found a staircase to the Elven Halls.
 46573 | Orc:2    | Noticed Saint Roka
 46603 | Orc:2    | Killed Saint Roka
 47157 | Orc:2    | Found Ollialiff's Weapon Emporium.
 47157 | Orc:2    | Found Afomn's Distillery.
 47159 | Orc:2    | Found Lof Numa's Armour Boutique.
 47161 | Orc:2    | Found Murchof's Book Shoppe.
 47491 | Orc:2    | Bought 2 potions of heal wounds for 150 gold pieces
 47491 | Orc:2    | Bought a potion of heal wounds for 75 gold pieces
 47491 | Orc:2    | Bought a potion of brilliance for 60 gold pieces
 47519 | Elf:1    | Entered Level 1 of the Elven Halls
 48077 | Elf:1    | Found Zaipliwukk's Distillery.
 48085 | Elf:1    | Bought a potion of might for 44 gold pieces
 48085 | Elf:1    | Bought a potion of magic for 88 gold pieces
 48085 | Elf:1    | Bought a potion of might for 44 gold pieces
 48986 | Elf:1    | Reached skill level 15 in Shields
 49486 | Elf:1    | Identified the +3 ring mail "Poludop" {rF+ SInv}
 49740 | Elf:2    | Reached XP level 19. HP: 138/138 MP: 18/37
 49986 | Elf:3    | Entered Level 3 of the Elven Halls
 50530 | Elf:2    | Found a runed translucent gate.
 50530 | Elf:2    | Found a runed translucent gate.
 50531 | Elf:2    | Found a runed translucent gate.
 51695 | Elf:3    | Found a radiant altar of Vehumet.
 52402 | Elf:3    | Reached skill level 15 in Spellcasting
 52684 | Elf:3    | Noticed a deep elf blademaster
 52711 | Elf:3    | Killed a deep elf blademaster
 53148 | Elf:3    | Noticed a deep elf blademaster
 53155 | Elf:3    | Killed a deep elf blademaster
 53380 | Elf:3    | Reached skill level 16 in Spellcasting
 53450 | Elf:3    | Identified the +6 plate armour of Complete Protection
                  | {*Corrode rPois Will+}
 53634 | Elf:3    | Identified the +8 long sword of Ashenzari's Envy {holy,
                  | *Noise Str+3 SInv}
 53909 | Elf:3    | Identified the +11 rapier "Sarcophage" {elec, rF+++ rC-
                  | rCorr Str-5}
 54059 | Abyss:2  | Cast into level 2 of the Abyss (a deep elf sorcerer)
 54412 | Abyss:2  | Reached XP level 20. HP: 122/145 MP: 14/40
 54627 | Elf:3    | Escaped the Abyss
 54631 | Elf:3    | Reached skill level 17 in Spellcasting
 54841 | Elf:3    | Identified the maw talisman of Ihezut {rC+ Int+3 SInv}
 54861 | Elf:3    | Identified the +8 sling of the Gazing Sybil {drain, rElec
                  | rC+ Str+3}
 56944 | D:13     | Bought a book of the Moon for 760 gold pieces
 56953 | D:13     | Learned a level 8 spell: Lehudib's Crystal Spear
 57215 | Shoals:1 | Entered Level 1 of the Shoals
 57217 | Shoals:1 | Reached skill level 18 in Spellcasting
 57420 | Shoals:1 | Found a flickering gateway to a bazaar.
 57442 | Bazaar   | Entered a bazaar
 57529 | Bazaar   | Found Jigu's Assorted Antiques.
 57546 | Bazaar   | Found Wuw Gawu's Antique Armour Emporium.
 57557 | Bazaar   | Found Qaexaumo's General Store.
 57582 | Bazaar   | Found Uphiv's Antique Weapon Boutique.
 57714 | Bazaar   | Bought an embroidered scarf for 168 gold pieces
 57880 | Shoals:2 | Noticed Ilsuiw
 57886 | Shoals:2 | Killed Ilsuiw
 58304 | Shoals:1 | Reached skill level 19 in Spellcasting
 59520 | Shoals:4 | Entered Level 4 of the Shoals
 60425 | Shoals:3 | Identified the +2 long sword of Fiudiurr {drain, rC+}
 60621 | Shoals:4 | Noticed Mara
 60686 | Shoals:4 | Killed Mara
 60687 | Shoals:4 | Reached XP level 21. HP: 150/150 MP: 27/44
 60739 | Shoals:4 | Reached skill level 20 in Spellcasting
 60981 | Shoals:4 | Noticed Nikola
 61001 | Shoals:4 | Killed Nikola
 61323 | Shoals:4 | Reached skill level 15 in Armour
 61565 | Shoals:4 | Got a barnacled rune of Zot
 62355 | Lair:3   | Identified the +0 rapier of Vanae {heavy, rC+ Str+4 Int+3
                  | Dex-3}
 62673 | D:13     | Reached skill level 10 in Fighting
 62899 | Vaults:1 | Entered Level 1 of the Vaults
 62921 | Vaults:2 | Noticed Xtahua
 63964 | Depths:1 | Found a blossoming altar of Fedhas.
 64032 | Depths:1 | Identified the +7 plate armour of Monotheism {rF+}
 64132 | Depths:1 | Gained mutation: Armour fits poorly on your strangely
                  | shaped body. [a shining eye]
 64134 | Depths:1 | Gained mutation: You occasionally lose the ability to read
                  | scrolls when taking damage. [a shining eye]
 64781 | Depths:1 | Found a gateway to Hell.
 64825 | Depths:1 | Identified the +12 morningstar of the Exiled People {venom,
                  | rElec Str-2 Dex+3}
 65323 | Depths:1 | Found Tosil's Jewellery Shoppe.
 65323 | Depths:1 | Found Athrimoim's Book Shop.
 65325 | Depths:1 | Found Enacw's Jewellery Shoppe.
 66120 | Depths:2 | Reached XP level 22. HP: 173/173 MP: 35/46
 66190 | Depths:2 | Found a broken altar of Ashenzari.
 66290 | Depths:2 | Reached skill level 15 in Fighting
 67096 | Depths:2 | Reached skill level 10 in Conjurations
 67386 | Hell     | Entered the Vestibule of Hell
 67386 | Hell     | Noticed Geryon
 67444 | Hell     | Noticed Murray
 67445 | Hell     | Killed Murray
 67909 | Depths:2 | Identified the ring of Descent {rPois rC+ Will+}
 68028 | Depths:2 | Identified the ring "Samuotso" {rElec rC+ rN+}
 68062 | Depths:2 | Identified the ring of Demons {Ice Fly Str-5 Slay+3}
 68177 | Depths:4 | Entered Level 4 of the Depths
 68444 | Depths:2 | Identified the ring of Huyllune {Wiz rPois rF- Will+++
                  | rCorr}
 69569 | Vaults:1 | Reached XP level 23. HP: 106/181 MP: 46/47
 70591 | Vaults:1 | Noticed Norris
 70605 | Vaults:1 | Killed Norris
 71099 | Vaults:2 | Killed Xtahua
 71455 | Vaults:2 | Identified the amulet of Fiqow {RegenMP Str+2 Int+3}
 71913 | Vaults:2 | Identified the +7 arbalest of the Red Skies {drain, rF+++
                  | rN+ MP-9 Int+3}
 72051 | Vaults:2 | Found a staircase to the Crypt.
 72147 | Crypt:1  | Entered Level 1 of the Crypt
 72542 | Vaults:2 | Found Joucvecu's Armour Boutique.
 72819 | Vaults:3 | Reached skill level 10 in Dodging
 73273 | Vaults:3 | Noticed an ancient lich
 73275 | Vaults:3 | Killed an ancient lich
 73276 | Vaults:3 | Reached XP level 24. HP: 188/188 MP: 40/47
 73764 | Vaults:3 | Found Kebrat's General Store.
 74429 | Vaults:4 | Identified the +0 helmet "Inietze" {rCorr}
 75217 | Vaults:4 | Identified the ring of Tender Moments {+Blink rPois Will+
                  | AC+4}
 76523 | Vaults:4 | Reached skill level 15 in Dodging
 76603 | Vaults:4 | Found Nafeaky's Book Shoppe.
 76783 | Vaults:5 | Entered Level 5 of the Vaults
 76785 | Vaults:5 | Reached XP level 25. HP: 194/194 MP: 47/47
 76805 | Vaults:5 | Noticed an ancient lich
 76807 | Vaults:5 | Killed an ancient lich
 77476 | Vaults:5 | Noticed a dread lich
 77480 | Vaults:5 | Killed a dread lich
 77682 | Vaults:5 | Identified the +7 falchion "Conservator" {elec, rC+ SInv}
 77714 | Vaults:5 | Got a silver rune of Zot
 78039 | Vaults:5 | Noticed a dread lich
 78052 | Vaults:5 | Killed a dread lich
 78053 | Vaults:5 | Reached skill level 21 in Spellcasting
 78053 | Vaults:5 | Reached XP level 26. HP: 188/201 MP: 21/48
 78373 | Vaults:5 | Identified the +10 halberd "Goliar" {flame, rF+ rC+ Will+
                  | Str-3}
 78498 | Vaults:5 | Identified the blade talisman of the Guild-Master {+Blink}
 78524 | Vaults:5 | Identified the +4 trident of Yeast {venom, rPois Int+3}
 78528 | Vaults:5 | Identified the +5 spear of the Clean God {venom, Drain rC+
                  | Will+ Stlth+}
 78531 | Vaults:5 | Identified the +5 longbow of Qabatwel {heavy, +Blink rN+
                  | Dex+3}
 79751 | Hell     | Killed Geryon
 79838 | Hell     | Found a gateway to the ashen valley of Gehenna.
 79898 | Hell     | Found a gateway to the freezing wastes of Cocytus.
 79958 | Hell     | Found a gateway to the Iron City of Dis.
 80088 | Hell     | Found a gateway to the decaying netherworld of Tartarus.
 80380 | Depths:2 | Found a one-way gate leading to the halls of Pandemonium.
 80791 | Depths:3 | Reached skill level 22 in Spellcasting
 80838 | Depths:4 | Noticed a juggernaut
 80839 | Depths:4 | Killed a juggernaut
 81348 | Depths:3 | Found a one-way gateway to a ziggurat.
 81529 | Depths:3 | Reached skill level 23 in Spellcasting
 81724 | Depths:3 | Found Ruigiogo's General Store.
 81726 | Depths:3 | Found Tuxkadin's Assorted Antiques.
 81728 | Depths:3 | Found Zuilew's Antique Armour Shoppe.
 81736 | Depths:3 | Bought a pair of encrusted boots for 351 gold pieces
 81736 | Depths:3 | Identified the +2 pair of boots of Impermeability {Drain
                  | Will+ rCorr MP+9} (You bought it in a shop on level 3 of
                  | the Depths)
 81787 | Depths:3 | Identified the amulet of Fanaticism {Spirit Dex+3}
 82255 | Zot:2    | Identified the of Toyf
 82255 | Coc:7    | Identified the "Yczeph"
 82255 | Geh:7    | Identified the "Buywe"
 82255 | Zig:1    | Entered Level 1 of a ziggurat
 82272 | Zig:2    | Entered Level 2 of a ziggurat
 82323 | Zig:2    | Identified the +4 plate armour of Magic {rPois}
 82338 | Zig:3    | Entered Level 3 of a ziggurat
 82386 | Zig:3    | Identified the +5 ring mail "Ewnyitho" {MP+9 Str+3}
 82397 | Zig:4    | Entered Level 4 of a ziggurat
 82488 | Zig:5    | Entered Level 5 of a ziggurat
 82522 | Zig:5    | Identified the staff "Unoduolu" {rPois rC+ rN++ Tloc Ice}
 82534 | Zig:6    | Entered Level 6 of a ziggurat
 82539 | Zig:6    | Noticed a juggernaut
 82542 | Zig:6    | Killed a juggernaut
 82564 | Zig:6    | Identified the +6 trident of Honour {flame, Fragile rPois
                  | Dex+4 SInv}
 82570 | Zig:7    | Identified the "Gyseocke"
 82570 | Zig:7    | Entered Level 7 of a ziggurat
 82668 | Zig:7    | Reached skill level 24 in Spellcasting
 82668 | Zig:7    | Reached XP level 27. HP: 207/207 MP: 51/51
 82804 | Zig:8    | Entered Level 8 of a ziggurat
 82881 | Zig:8    | Reached skill level 5 in Ice Magic
 82884 | Zig:9    | Identified the of Xalan
 82884 | Zig:9    | Entered Level 9 of a ziggurat
 82905 | Zig:9    | Gained mutation: You are vulnerable to cold. (rC-) [a
                  | shining eye]
 83081 | Zig:9    | Found the +3 greatsling "Punk" {acid, rCorr}
 83096 | Zig:9    | Identified the +7 flail of Uncertain Death {holy, Dex+4}
 83106 | Zig:9    | Lost mutation: Armour fits poorly on your strangely shaped
                  | body. [potion of mutation]
 83106 | Zig:9    | Lost mutation: You occasionally lose the ability to read
                  | scrolls when taking damage. [potion of mutation]
 83106 | Zig:9    | Lost mutation: You are vulnerable to cold. (rC-) [potion of
                  | mutation]
 83106 | Zig:9    | Gained mutation: You expend magic power (3 MP) to
                  | strengthen your wands. [potion of mutation]
 83106 | Zig:9    | Gained mutation: You are weak. (Str -2) [potion of
                  | mutation]
 83106 | Zig:9    | Gained mutation: Your mind is acute. (Int +4, Str/Dex -1)
                  | [potion of mutation]
 83106 | Zig:9    | Gained mutation: You are resistant to electric shocks.
                  | (rElec) [potion of mutation]
 83108 | Zig:10   | Entered Level 10 of a ziggurat
 83306 | Zig:10   | Identified the +0 ice dragon scales of Reica {rF- rC++
                  | Slay+2 SInv}
 83316 | Zig:11   | Entered Level 11 of a ziggurat
 83328 | Zig:11   | Noticed Yciozuab the pandemonium lord
 83333 | Zig:11   | Reached skill level 25 in Spellcasting
 83333 | Zig:11   | Killed Yciozuab the pandemonium lord
 83349 | Zig:11   | Identified the staff of the Briny Deep {rPois rN+ Int+2
                  | Necro}
 84619 | Depths:4 | Identified the +0 ring mail "Faahocsog" {+Inv rN+ Int+2}
 84760 | Depths:4 | Found a sacrificial altar of Ru.
 84968 | Depths:4 | Reached skill level 26 in Spellcasting
 85147 | Depths:4 | Reached skill level 10 in Ice Magic
 85215 | Depths:4 | Learned a level 7 spell: Ozocubu's Refrigeration
 85596 | Depths:4 | Found a gate to the Realm of Zot.
 85604 | Depths:4 | Identified the staff of the Three Dances {rElec rPois Dex+3
                  | Air}
 85822 | Zot:1    | Entered Level 1 of the Realm of Zot
 85996 | Zot:1    | Reached skill level 1 in Staves
 85996 | Zot:1    | Reached skill level 1 in Evocations
 86577 | Zot:1    | Reached skill level 5 in Evocations
 86831 | Zot:1    | Reached skill level 5 in Staves
 86950 | Zot:2    | Noticed a Killer Klown
 86956 | Zot:2    | Killed a Killer Klown
 87025 | Zot:2    | Noticed a dread lich
 87069 | Zot:2    | Identified the ring of Wahygorph {Ice rPois}
 87069 | Zot:2    | Noticed Josephina
 87071 | Zot:2    | Killed a dread lich
 87071 | Zot:2    | Killed Josephina
 87995 | Crypt:1  | Identified the staff of Spring {Will+ Earth}
 88204 | Crypt:1  | Identified the +2 hand axe "Heck" {antimagic, rN+ Int+4}
                  | (You took it off a guardian mummy on level 1 of the Crypt)
 88264 | Crypt:1  | Noticed a royal mummy
 88264 | Crypt:1  | Identified the +8 scale mail of Ihot Morph {rF+}
 88264 | Crypt:1  | Identified the +3 short sword of Desertification {flame,
                  | rElec rC+}
 88265 | Crypt:1  | Noticed a royal mummy
 88266 | Crypt:1  | Killed a royal mummy
 88268 | Crypt:1  | Killed a royal mummy
 88656 | Crypt:1  | Identified a scroll of acquirement
 88817 | Crypt:1  | Identified the +4 chain mail of the Old World {rPois Str-2
                  | Int+4 Stlth+}
 89128 | Crypt:1  | Upgraded the game from 0.31-a0-1001-g770356a28f to
                  | 0.31-a0-1002-g8e65716e6e
 89623 | Crypt:2  | Reached skill level 10 in Evocations
 90462 | Crypt:3  | Entered Level 3 of the Crypt
 90488 | Crypt:3  | Reached skill level 10 in Staves
 90991 | Crypt:3  | Found a staircase to the Tomb.
 91501 | Crypt:3  | Identified the "Dixufakk" (You acquired it on level 3 of
                  | the Crypt)
 91501 | Crypt:3  | Acquired the +2 pair of gloves of Kihol {Harm rN++}
 91524 | Crypt:3  | Found the +8 trishula "Condemnation" {holy, anguish, *Noise
                  | Fly rN+}
 92045 | Crypt:3  | Identified a ring of Suspected Treachery {rN+ MP+9 Str+3
                  | Dex+4 SInv}
 92459 | Crypt:3  | Noticed Margery
 92468 | Crypt:3  | Killed Margery
 92580 | Tomb:1   | Entered Level 1 of the Tomb of the Ancients
 92625 | Tomb:1   | Noticed a royal mummy
 92626 | Tomb:1   | Noticed a royal mummy
 92627 | Tomb:1   | Killed a royal mummy
 92628 | Tomb:1   | Killed a royal mummy
 92633 | Tomb:1   | Noticed a royal mummy
 92633 | Tomb:1   | Noticed a royal mummy
 92635 | Tomb:1   | Noticed a royal mummy
 92636 | Tomb:1   | Killed a royal mummy
 92636 | Tomb:1   | Killed a royal mummy
 92637 | Tomb:1   | Killed a royal mummy
 92973 | Tomb:1   | Noticed a royal mummy
 92975 | Tomb:1   | Killed a royal mummy
 93010 | Tomb:1   | Noticed a royal mummy
 93016 | Tomb:1   | Killed a royal mummy
 93038 | Tomb:1   | Noticed a royal mummy
 93039 | Tomb:1   | Noticed a royal mummy
 93040 | Tomb:1   | Killed a royal mummy
 93042 | Tomb:1   | Killed a royal mummy
 93223 | Tomb:1   | Noticed a royal mummy
 93225 | Tomb:1   | Killed a royal mummy
 93305 | Tomb:1   | Learned a level 4 spell: Passage of Golubria
 93501 | Tomb:1   | Noticed a royal mummy
 93503 | Tomb:1   | Killed a royal mummy
 93525 | Tomb:1   | Noticed a royal mummy
 93528 | Tomb:1   | Killed a royal mummy
 93529 | Tomb:1   | Reached skill level 1 in Translocations
 93688 | Tomb:1   | Noticed a royal mummy
 93690 | Tomb:1   | Killed a royal mummy
 93723 | Tomb:1   | Noticed a royal mummy
 93726 | Tomb:1   | Killed a royal mummy
 93773 | Tomb:1   | Noticed a royal mummy
 93777 | Tomb:1   | Killed a royal mummy
 94055 | Tomb:1   | Noticed a royal mummy
 94060 | Tomb:1   | Killed a royal mummy
 94594 | Tomb:1   | Reached skill level 5 in Translocations
 95003 | Tomb:1   | Noticed a royal mummy
 95008 | Tomb:1   | Killed a royal mummy
 95508 | Tomb:1   | Noticed a royal mummy
 95511 | Tomb:1   | Killed a royal mummy
 95590 | Tomb:1   | Noticed a royal mummy
 95597 | Tomb:1   | Killed a royal mummy
 95599 | Tomb:1   | Noticed a royal mummy
 95609 | Tomb:1   | Killed a royal mummy
 95814 | Tomb:1   | Noticed a royal mummy
 95819 | Tomb:1   | Killed a royal mummy
 96057 | Tomb:1   | Noticed a royal mummy
 96064 | Tomb:1   | Killed a royal mummy
 96664 | Tomb:1   | Noticed a royal mummy
 96673 | Tomb:1   | Killed a royal mummy
 96710 | Tomb:1   | Noticed a royal mummy
 96712 | Tomb:1   | Killed a royal mummy
 97015 | Tomb:1   | Noticed a royal mummy
 97020 | Tomb:1   | Killed a royal mummy
 98433 | Zot:1    | Identified the +1 robe of Autumn {Harm rPois Will+}
 98775 | Zot:2    | Reached skill level 10 in Invocations
 99230 | Zot:2    | Found the +4 dragonskin cloak
 99230 | Zot:2    | Noticed Tiamat
 99236 | Zot:2    | Killed Tiamat
100165 | Zot:3    | Reached skill level 15 in Ice Magic
101508 | Zot:3    | Found a transporter.
101516 | Zot:3    | Noticed a dread lich
101519 | Zot:3    | Noticed an orb of fire
101520 | Zot:3    | Gained mutation: You are frail. (-10% HP) [an orb of fire]
101523 | Zot:3    | You fall into a shaft and drop 1 floor!
101615 | Zot:3    | Killed an orb of fire
101894 | Zot:3    | Killed a dread lich
101910 | Zot:3    | Identified the ring "Fimo" {Wiz +Blink Will+}
101919 | Zot:3    | Identified the staff of the Fox {rPois rF++ rC- Int+3
                  | Poison}
101925 | Zot:3    | Identified the amulet of Dishonesty {Spirit Fly rPois
                  | Will-}
101940 | Zot:3    | Found a transporter.
102218 | Zot:5    | Entered Level 5 of the Realm of Zot
102762 | Zot:4    | Noticed an orb of fire
102766 | Zot:4    | Gained mutation: Armour fits poorly on your strangely
                  | shaped body. [an orb of fire]
102767 | Zot:4    | Killed an orb of fire
103025 | Zot:4    | Noticed a Killer Klown
103031 | Zot:4    | Killed a Killer Klown
103126 | Zot:4    | Noticed a Killer Klown
103133 | Zot:4    | Killed a Killer Klown
103329 | Zot:4    | Noticed a Killer Klown
103331 | Zot:4    | Killed a Killer Klown
104376 | Zot:5    | Found a transporter.
104378 | Zot:5    | Found a transporter.
104382 | Zot:5    | Found a transporter.
104400 | Zot:5    | Found a transporter.
104929 | Zot:5    | Noticed an ancient lich
104929 | Zot:5    | Noticed an orb of fire
104931 | Zot:5    | Gained mutation: You are clumsy. (Dex -2) [an orb of fire]
104932 | Zot:5    | Killed an ancient lich
104934 | Zot:5    | Killed an orb of fire
105062 | Zot:5    | Noticed an ancient lich
105068 | Zot:5    | Killed an ancient lich
105157 | Zot:5    | Noticed a dread lich
105160 | Zot:5    | Killed a dread lich
105206 | Zot:4    | Lost mutation: You are frail. (-10% HP) [potion of
                  | mutation]
105206 | Zot:4    | Lost mutation: You are resistant to electric shocks.
                  | (rElec) [potion of mutation]
105206 | Zot:4    | Lost mutation: You expend magic power (3 MP) to strengthen
                  | your wands. [potion of mutation]
105206 | Zot:4    | Gained mutation: Your mind is very acute. (Int +8, Str/Dex
                  | -2) [potion of mutation]
105206 | Zot:4    | Gained mutation: Your body sometimes deteriorates upon
                  | taking damage. [potion of mutation]
105207 | Zot:4    | Lost mutation: Your mind is very acute. (Int +8, Str/Dex
                  | -2) [potion of mutation]
105207 | Zot:4    | Lost mutation: Your body sometimes deteriorates upon taking
                  | damage. [potion of mutation]
105207 | Zot:4    | Lost mutation: Your mind is acute. (Int +4, Str/Dex -1)
                  | [potion of mutation]
105207 | Zot:4    | Gained mutation: Your spells are a little easier to cast,
                  | but a little less powerful. [potion of mutation]
105207 | Zot:4    | Gained mutation: Your body sometimes deteriorates upon
                  | taking damage. [potion of mutation]
105208 | Zot:4    | Lost mutation: Your spells are a little easier to cast, but
                  | a little less powerful. [potion of mutation]
105208 | Zot:4    | Lost mutation: Armour fits poorly on your strangely shaped
                  | body. [potion of mutation]
105208 | Zot:4    | Lost mutation: You are clumsy. (Dex -2) [potion of
                  | mutation]
105208 | Zot:4    | Lost mutation: You are weak. (Str -2) [potion of mutation]
105208 | Zot:4    | Gained mutation: You are frail. (-10% HP) [potion of
                  | mutation]
105208 | Zot:4    | Gained mutation: Your spells are a little easier to cast,
                  | but a little less powerful. [potion of mutation]
105208 | Zot:4    | Gained mutation: You have large cloven feet. [potion of
                  | mutation]
105209 | Zot:4    | Lost mutation: You are frail. (-10% HP) [potion of
                  | mutation]
105209 | Zot:4    | Lost mutation: You have large cloven feet. [potion of
                  | mutation]
105209 | Zot:4    | Gained mutation: Armour fits poorly on your strangely
                  | shaped body. [potion of mutation]
105209 | Zot:4    | Gained mutation: You are somewhat resistant to further
                  | mutation. [potion of mutation]
105210 | Zot:4    | Lost mutation: You are somewhat resistant to further
                  | mutation. [potion of mutation]
105210 | Zot:4    | Lost mutation: Your spells are a little easier to cast, but
                  | a little less powerful. [potion of mutation]
105210 | Zot:4    | Lost mutation: Your body sometimes deteriorates upon taking
                  | damage. [potion of mutation]
105210 | Zot:4    | Gained mutation: You possess an exceptional clarity of
                  | mind. [potion of mutation]
105210 | Zot:4    | Gained mutation: Your mind is acute. (Int +4, Str/Dex -1)
                  | [potion of mutation]
105210 | Zot:4    | Gained mutation: You occasionally lose the ability to read
                  | scrolls when taking damage. [potion of mutation]
105210 | Zot:4    | Gained mutation: You have sharp fingernails. [potion of
                  | mutation]
105257 | Zot:5    | Noticed a dread lich
105264 | Zot:5    | Killed a dread lich
105303 | Zot:5    | Noticed a Killer Klown
105304 | Zot:5    | Killed a Killer Klown
105313 | Zot:5    | Noticed an orb of fire
105318 | Zot:5    | Killed an orb of fire
105322 | Zot:5    | Noticed a dread lich
105323 | Zot:5    | Killed a dread lich
105334 | Zot:5    | Noticed a Killer Klown
105339 | Zot:5    | Killed a Killer Klown
105420 | Zot:5    | Noticed an orb of fire
105436 | Zot:5    | Killed an orb of fire
105535 | Zot:5    | Noticed an ancient lich
105565 | Zot:5    | Killed an ancient lich
105763 | Zot:5    | Noticed a Killer Klown
105789 | Zot:5    | Killed a Killer Klown
105890 | Zot:5    | Noticed a dread lich
105895 | Zot:5    | Killed a dread lich
106425 | Zot:5    | Got the Orb of Zot
107174 | D:3      | Noticed Natasha
107177 | D:3      | Killed Natasha
107269 | D:$      | Escaped with the Orb!

Illustrated notes

Levels and vault maps discovered:
D:1:      lightli_arrival_statuegarden, layout_basic, chequers_big_river,
          minmay_misc_feat_enclosed, hex_intersection
D:2:      layout_basic, kennysheep_generic_room_4
D:3:      layout_loops_ring, kennysheep_okawaru_gauntlet, trog_wizard,
          portal_sewer_entry_b, ebering_ecumenical_altar_abandoned,
          minmay_rat_hole, uniq_grinder, uniq_natasha, uniq_robin,
          uniq_crazy_yiuf_cottage
D:4:      layout_basic, amcnicky_mini_rare_corridor_liquid, minmay_cut_off
D:5:      layout_basic, serial_shops, shop, enter_ossuary_4,
          kennysheep_generic_room_3, uniq_blork_the_orc, uniq_edmund,
          uniq_sigmund
D:6:      layout_loops_ring, minmay_temple_entry_ruins, nzn_random_ring
D:7:      layout_loops_ring, nemelex_dance_club_becter
D:8:      layout_loops_ring, lemuel_coloured_pillars_altar, tso_oasis_becter,
          erik_lair_orcish_takeover, minmay_manual_monstrance
D:9:      layout_basic, erik_orc_3, serial_shops,
          nicolae_shop_tiny_real_fake_doors
D:10:     minmay_goldmine, layout_cave_pools,
          nicolae_ru_great_annihilating_truth, nicolae_overflow_hidden_temple,
          uniq_amaemon
D:11:     layout_roguey
D:12:     layout_roguey, dancing_weapons_uskayaw
D:13:     layout_irregular_city, david_vaults_5, serial_shops,
          nicolae_shop_stone, shop, nicolae_take_the_stairs,
          nicolae_shop_rolling_square, shop, introduction_to_nature_2,
          uniq_azrael
D:14:     layout_stronghold, minivault_16, amethyst_killhole
D:15:     gammafunk_depths_entry_grave, layout_stronghold,
          corexii_hall_statues_t
Temple:   oiseaux_autumnal_temple
Lair:1:   layout_hall_layers
Lair:2:   layout_gridlike, guppyfry_snake_entry_island, lemuel_fruit_fields,
          grunt_megastairs_2, serial_bayou_shore_b, uniq_sonja
Lair:3:   minmay_lair_oklob_tunnel, layout_layer_cave, elwin_shoals_entry_rocks
Lair:4:   layout_cellular_growth, hangedman_lair_generics_rect, uniq_nessos
Lair:5:   hellmonk_lair_end_abyssal_woods, layout_concentric_octagons,
          nicolae_slime_entry_slimehenge, maelrawn_ghost_gauntlet_escape,
          uniq_kirke, uniq_urug
Shoals:1: layout_shoals, serial_shops, bzr_entry_lakeside
Shoals:2: layout_shoals, uniq_ilsuiw
Shoals:3: layout_shoals, nicolae_shoals_lost_giant_amphitheater
Shoals:4: shoals_end_grunt_ice, layout_shoals, uniq_mara, uniq_nikola
Snake:1:  layout_grid_maze, uniq_aizul, uniq_frances, uniq_louise
Snake:2:  layout_cave_town, basic_altar, nicolae_elevator_lobby_asterisk
Snake:3:  layout_cave_town, serial_bayou_pond_d
Snake:4:  hellmonk_snake_rune_quicksilver_temple, layout_onion_interference,
          serial_shops, shop, chequers_hall_statues_corner_a,
          hangedman_corner_corridor, minmay_shoptagon, uniq_mlioglotl
Orc:1:    layout_caves, uniq_nergalle, uniq_maurice
Orc:2:    st_orc_rangers, layout_caves, uniq_rupert, uniq_jorgrun,
          uniq_saint_roka
Elf:1:    minmay_elf_arrival_plus, layout_geoelf_grid, serial_shops,
          nicolae_shop_stone, evilmike_minifort
Elf:2:    nicolae_elf_blades_splatter_lattice
          [nicolae_blade_entry_crossed_weapons], layout_geoelf_diagonals
Elf:3:    grunt_elf_hall_asides, layout_geoelf_diagonals, basic_altar
Vaults:1: vaults_dpeg_doors, nicolae_vaults_alarming,
          nicolae_vaults_trapezoid_4, nicolae_vaults_little_ls,
          nicolae_vaults_lightning_bolt, v_alt_pattern_2,
          hangedman_vaults_slice, nicolae_vaults_trapezoid_lopsided_1,
          nicolae_vaults_diffraction_hallways, nicolae_vaults_closet_pinwheel_5,
          nicolae_vaults_tetromino_L_2, layout_vaults_quadrants, uniq_norris
Vaults:2: vaults_mumra_minichess_inversion, nicolae_vaults_yaktaur_gun_rack,
          minmay_crypt_entry_simple_corners, v_pattern_5,
          nicolae_vaults_closet_pinwheel_1, vaults_room_fours,
          grunt_vaults_funnel, nicolae_vaults_back_hallway,
          vaults_mumra_chevron_long, nicolae_vaults_diamond_2,
          ontoclasm_vaults_hangar, nicolae_vaults_tetromino_Z_1,
          nicolae_vaults_tetromino_L_1, layout_vaults_ring, serial_shops, shop,
          uniq_xtahua
Vaults:3: v_pattern_4, nicolae_vaults_storage_closets_1, vaults_dpeg_hooks,
          hangedman_vaults_hat, nicolae_vaults_three_branches,
          nicolae_vaults_wrenched, ontoclasm_vaults_decontamination,
          nicolae_vaults_tetromino_T_2, hangedman_vaults_cutoff,
          nicolae_vaults_mush_room, nicolae_vaults_octothorpe,
          nicolae_vaults_diagonal_hallway_9, ontoclasm_vaults_pinch,
          nicolae_vaults_layer_cake_slice, layout_vaults_omnibox, serial_shops,
          shop
Vaults:4: nicolae_vaults_double_plus_1, nicolae_vaults_puzzle_piece,
          nicolae_vaults_network_periphery, nicolae_vaults_stepped_doors,
          vaults_room_grunt_arrival_ludios, nicolae_vaults_bisected_exclaves,
          nicolae_vaults_what_the_h, v_misc_14, dpeg_vaults_hating_casters,
          layout_vaults_omnicross, serial_shops, nicolae_shop_statue_plus
Vaults:5
Crypt:1:  layout_chaotic_city, wad_floor_pattern_1, st_burial_chamber
Crypt:2:  layout_misc_corridors
Crypt:3:  due_elkab, layout_chaotic_city, nicolae_tomb_entry_rubble_hallway,
          uniq_margery
Tomb:1
Depths:1: grunt_double_whammy, layout_cave_shapes,
          nicolae_hell_entry_hellmouth_sunbeams, st_stairs_1, fedhas_altar_2,
          minmay_shop_grove
Depths:2: minmay_the_grid_triangle_9x9_rhombus_full
          [minmay_the_grid_triangle_9x9_dagger,
          minmay_the_grid_triangle_9x9_impossible_snake,
          minmay_the_grid_triangle_9x9_swiss_cheese,
          minmay_the_grid_triangle_9x9_steps,
          minmay_the_grid_triangle_9x9_stretched_checkered,
          minmay_the_grid_triangle_9x9_alien,
          minmay_the_grid_triangle_9x9_sparse_checkered,
          minmay_the_grid_triangle_9x9_prize_special], layout_twisted_cross,
          pf_coc_iceberg, rand_demon_pan_entry_7, nicolae_ashenzari_panopticon
Depths:3: thingy_vault, layout_gridville, enter_ziggurat_e, hellmouth_1,
          hangedman_abyss_entry_splay, grunt_pan_entry_sceptre,
          infiniplex_staircase_zigzag_5, minmay_shop_star
Depths:4: lemuel_castle_with_subvaults [lemuel_castle_interior_carwin_3],
          layout_honeycomb, lemuel_doored_altar, hell_entry, kb_rosetta
Hell
Zot:1:    layout_misc_corridors, zot_minivault_6, grunt_megastairs_3
Zot:2:    hangedman_snap_crack_crunch, layout_onion_interference,
          regret_index_zotdec_fiery_em, uniq_tiamat, uniq_josephina
Zot:3:    gammafunk_its_a_trap, layout_misc_corridors,
          regret_index_zotdec_tunneler, regret_index_zotdec_split_disrupt,
          evilmike_ambush [evilmike_ambush_outer_basic,
          evilmike_ambush_inner_wall_2]
Zot:4:    circus_mu, layout_gridlike
Zot:5:    layout_basic, nicolae_transporter_circle

Skill      XL: |  1  2  3  4  5  6  7  8  9 10 11 12 13 14 15 16 17 18 19 20 21 22 23 24 25 26 27 |
---------------+----------------------------------------------------------------------------------+-----
Dodging        | 2 5 6 11 15 18 | 18.0
Stealth        | 3 |  3.0
Earth Magic    | 4 5 8 12 14 16 20 23 24 25 | 25.6
Conjurations   | 1 4 7 8 13 | 13.0
Maces & Flails | 1 2 |  2.0
Spellcasting   | 7 11 13 14 16 19 20 21 24 26 | 26.0
Fighting       | 7 9 14 15 | 15.0
Summonings     | 2 |  2.0
Armour         | 2 9 14 15 25 | 25.0
Shields        | 1 7 9 15 17 21 | 21.0
Invocations    | 8 10 | 10.0
Necromancy     | 3 |  3.0
Ice Magic      | 15 | 15.0
Staves         | 11 | 11.9
Evocations     | 10 | 10.4
Translocations | 9 |  9.0
Transmutations | |  1.1

Action                     |  1- 3 |  4- 6 |  7- 9 | 10-12 | 13-15 | 16-18 | 19-21 | 22-24 | 25-27 || total
---------------------------+-------+-------+-------+-------+-------+-------+-------+-------+-------++-------
  Melee: Dagger            |     9 |     3 |       |       |       |       |       |       |       ||    12
         Whip              |       |       |     3 |     1 |       |       |       |       |       ||     4
         Hand axe          |       |       |       |     1 |    49 |    18 |       |       |       ||    68
         Spear             |       |       |       |       |       |    37 |    15 |       |       ||    52
         Staff             |       |       |       |       |       |       |    35 |    35 |   154 ||   224
   Cast: Sandblast         |    49 |    74 |   142 |   275 |   232 |    87 |    80 |    79 |    14 ||  1032
         Stone Arrow       |       |     2 |    40 |   172 |   364 |   462 |   188 |    34 |    70 ||  1332
         Brom's Barrelling |       |       |     5 |     6 |     4 |     4 |     4 |     1 |       ||    24
         Animate Armour    |       |       |       |     5 |    97 |    81 |    26 |    12 |     5 ||   226
         Lee's Rapid Decon |       |       |       |       |    14 |    12 |    34 |    19 |    18 ||    97
         Borgnjor's Vile C |       |       |       |       |    17 |   170 |   121 |    29 |    25 ||   362
         Petrify           |       |       |       |       |     2 |     3 |       |       |       ||     5
         Shatter           |       |       |       |       |       |     6 |    82 |   145 |   366 ||   599
         Lehudib's Crystal |       |       |       |       |       |       |    41 |   131 |   535 ||   707
         Passage of Golubr |       |       |       |       |       |       |       |       |    16 ||    16
         Ozocubu's Refrige |       |       |       |       |       |       |       |       |    13 ||    13
 Invoke: Step From Time    |       |       |       |       |       |       |       |       |     1 ||     1
         Slouch            |       |       |       |       |       |       |       |       |     1 ||     1
Ability: Dig               |       |       |       |     1 |     6 |     6 |       |       |     4 ||    17
         Shaft Self        |       |       |       |       |     2 |       |       |       |     1 ||     3
  Evoke: Wand              |       |       |       |       |     4 |       |       |       |     1 ||     5
         Horn of Geryon    |       |       |       |       |       |       |       |       |     1 ||     1
    Use: Scroll            |       |       |    15 |     7 |     7 |     5 |     1 |       |    11 ||    46
         Potion            |       |       |     3 |     1 |     5 |     5 |     7 |     4 |    20 ||    45
   Stab: Distracted        |       |       |       |       |     1 |     4 |       |       |     3 ||     8
 Armour: Robe              |     8 |    16 |    67 |       |       |       |       |       |       ||    91
         Steam dragon scal |       |       |     6 |   153 |   248 |       |       |       |       ||   407
         Scale mail        |       |       |       |       |    20 |   250 |   233 |       |   117 ||   620
         Ring mail         |       |       |       |       |       |       |     8 |    96 |   166 ||   270
  Dodge: Dodged            |     8 |    18 |    54 |   113 |   253 |   152 |   157 |   108 |   496 ||  1359
  Block: Buckler           |       |       |     7 |    42 |     7 |       |       |       |       ||    56
         Kite shield       |       |       |       |       |   397 |   122 |       |       |       ||   519
         Reflection        |       |       |       |       |    12 |    61 |       |       |       ||    73
         Tower shield      |       |       |       |       |       |   592 |   517 |   317 |   690 ||  2116

Table legend: (Time is in decaauts)
 A = Elapsed time spent in this place.
 B = Non-inter-level travel time spent in this place.
 C = Inter-level travel time spent in this place.
 D = Time resting spent in this place.
 E = Time spent auto-exploring this place.
 F = Levels seen in this place.
 G = Mean time per level.
                   A        B        C        D        E       F      G
               +--------+--------+--------+--------+--------+-----+--------+
         Total | 154178 | 115748 |  38430 |  38099 |  47087 |  67 | 2301.2 |
       Dungeon |  39005 |  24656 |  14349 |   6609 |  12815 |  15 | 2600.3 |
        Temple |     73 |     22 |     51 |      0 |     17 |   1 |   73.0 |
          Lair |  16168 |  13303 |   2865 |   2777 |   7446 |   5 | 3233.6 |
        Shoals |   7463 |   5798 |   1665 |   1438 |   3091 |   4 | 1865.8 |
     Snake Pit |  15231 |  11473 |   3758 |   6679 |   2091 |   4 | 3807.8 |
  Orcish Mines |   4373 |   3206 |   1167 |   1315 |   1204 |   2 | 2186.5 |
   Elven Halls |   9439 |   6936 |   2503 |   3096 |   1990 |   3 | 3146.3 |
        Vaults |  15887 |  12589 |   3298 |   3259 |   5681 |   5 | 3177.4 |
         Crypt |   8307 |   7105 |   1202 |   2318 |   2730 |   3 | 2769.0 |
          Tomb |   5322 |   4114 |   1208 |   1890 |    702 |   1 | 5322.0 |
        Depths |  14883 |  11335 |   3548 |   4245 |   4091 |   4 | 3720.8 |
          Hell |    869 |    805 |     64 |     36 |    550 |   1 |  869.0 |
           Zot |  13941 |  11192 |   2749 |   3124 |   4403 |   5 | 2788.2 |
         Abyss |    655 |    655 |      0 |    365 |      0 |   1 |  655.0 |
      Ziggurat |   1387 |   1387 |      0 |    615 |     54 |  11 |  126.1 |
        Bazaar |    593 |    593 |      0 |     83 |    176 |   1 |  593.0 |
       Ossuary |    572 |    572 |      0 |    250 |     44 |   1 |  572.0 |
               +--------+--------+--------+--------+--------+-----+--------+

Top non-repeatable levels by time:
    D:13: 5961 daAuts
  Tomb:1: 5322 daAuts
   Elf:3: 5059 daAuts
 Snake:4: 4989 daAuts
    D:15: 4918 daAuts
Depths:2: 4775 daAuts
  Lair:5: 4374 daAuts
 Crypt:3: 4298 daAuts
Vaults:4: 4052 daAuts
    D:14: 3946 daAuts
Vaults:2: 3864 daAuts
 Snake:2: 3806 daAuts
    D:12: 3558 daAuts
 Snake:1: 3555 daAuts
   Zot:5: 3542 daAuts
